 Dungeon Crawl Stone Soup version 0.29-a0-275-g389c0b56f3 (webtiles) character file.

Game seed: 14781942414491877028

41 Ajdolov the Bolt Thrower (level 3, -2/21 HPs)
             Began as a Kobold Hunter on Mar 12, 2022.
             Killed from afar by Robin (7 damage)
             ... with a puff of flame
             ... on level 2 of the Dungeon.
             The game lasted 00:01:41 (1456 turns).

Ajdolov the Bolt Thrower (Kobold Hunter)            Turns: 1456, Time: 00:01:42

Health: -2/21      AC:  3    Str:  9    XL:     3   Next: 75%
Magic:  3/3        EV: 14    Int: 12    God:
Gold:   86         SH:  0    Dex: 17    Spells: 2/2 levels left

rFire   . . .      SeeInvis .   a - +1 hand crossbow
rCold   . . .      Faith    .   (no shield)
rNeg    . . .      Spirit   .   b - +0 leather armour
rPois   .          Reflect  .   (no helmet)
rElec   .          Harm     .   (no cloak)
rCorr   .          Rampage  .   (no gloves)
Will    .....                   (no boots)
Stlth   +++.......              (no amulet)
HPRegen 0.07/turn               (no ring)
MPRegen 0.08/turn               (no ring)

@: no status effects
A: small, no large weapons, nightstalker 3
a: no special abilities


You were on level 2 of the Dungeon.
You visited 1 branch of the dungeon, and saw 2 of its levels.

You collected 86 gold pieces.

Inventory:

Hand Weapons
 a - a +1 hand crossbow (weapon)
Armour
 b - a +0 leather armour (worn)
Wands
 j - a wand of paralysis (10)
Scrolls
 c - 3 scrolls of immolation
 d - a scroll of noise {unknown}
 f - a scroll of identify {unknown}
 i - a scroll of amnesia {unknown}
 k - a scroll of magic mapping {unknown}
Potions
 e - 2 potions of flight {unknown}
 g - a potion of mutation {unknown}
 h - a potion of brilliance {unknown}
 l - a potion of haste {unknown}
 m - a potion of lignification {unknown}


   Skills:
 - Level 2.1 Fighting
 + Level 6.9 Crossbows
 - Level 2.4 Dodging
 - Level 1.3 Stealth


You had 2 spell levels left.
You didn't know any spells.
Your spell library was empty.

Dungeon Overview and Level Annotations

Branches:
Dungeon (2/15)

Altars:

Annotations:
D:2 Robin


Innate Abilities, Weirdness & Mutations

You are small and have problems with some larger weapons.
You are completely attuned to the shadows.


Message History

You shoot a bolt. The bolt barely misses the goblin.
The bolt barely misses Robin.
The goblin no longer looks unusually strong.
The goblin hits you with a +0 dagger. Robin throws the goblin at you!
You shoot a bolt. The bolt closely misses the goblin.
The goblin hits you but does no damage.
Robin hits you from afar with a +0 spear.
Robin roars a battlecry!
The goblin goes into a battle-frenzy!
The goblin closely misses you.
You are too injured to fight recklessly!
Unknown command.
You are too injured to fight recklessly!
Shoot: a) +1 hand crossbow
Press: ? - help, Q - select action, (/) - cycle Shift-Dir - straight line, f/p - goblin
Aim: a goblin, wielding a +0 dagger (strong, 60% to hit)
You shoot a bolt. The bolt closely misses the goblin.
The goblin barely misses you. Robin closely misses you.
Unknown command.
Shoot: a) +1 hand crossbow
Press: ? - help, Q - select action, (/) - cycle Shift-Dir - straight line, f/p - goblin
Aim: a goblin, wielding a +0 dagger (strong, 60% to hit)
You shoot a bolt.
The bolt hits the goblin but does no damage.
The goblin misses you.
Robin hits you from afar with a +0 spear.
* * * LOW HITPOINT WARNING * * *
Shoot: a) +1 hand crossbow
Press: ? - help, Q - select action, (/) - cycle Shift-Dir - straight line, f/p - goblin
Aim: a goblin, wielding a +0 dagger (strong, 60% to hit)
You shoot a bolt. The bolt closely misses the goblin.
The goblin barely misses you. Robin misses you.
Unknown command.
Shoot: a) +1 hand crossbow
Press: ? - help, Q - select action, (/) - cycle Shift-Dir - straight line, f/p - goblin
Aim: a goblin, wielding a +0 dagger (strong, 60% to hit)
You shoot a bolt. The bolt hits the goblin.
You kill the goblin!
Robin zaps a wand.
The puff of flame hits you!
You die...

#### ...#####
##.....#
#.....# #####
##>....###...#
.............#
##.....###...#
##.[...#
##.##########
#......#
#....)@.g..#
.....###
#..#######.#
###.## #..#
#.# #.# #..#
#g# #.# #...
#.# #+# #.#
#.# #.# g....#


You could see Robin.

Vanquished Creatures
  A worm (D:2)
  A dart slug (D:2)
  6 endoplasms
  2 giant cockroaches
  3 goblins
  3 hobgoblins
  A quokka (D:1)
  5 ball pythons (D:1)
  4 bats
  2 frilled lizards
  4 kobolds (D:1)
  3 rats (D:1)
35 creatures vanquished.

Notes
Turn   | Place    | Note
-------+----------+-------------------------------------------
     0 | D:1      | Ajdolov the Kobold Hunter began the quest for the Orb.
     0 | D:1      | Reached XP level 1. HP: 12/12 MP: 1/1
   193 | D:1      | Reached XP level 2. HP: 17/17 MP: 2/2
   263 | D:1      | Reached skill level 6 in Crossbows
   587 | D:1      | Reached XP level 3. HP: 21/21 MP: 3/3
  1255 | D:2      | Found a faded altar of an unknown god.
  1436 | D:2      | Noticed Robin
  1456 | D:2      | Killed from afar by Robin

Illustrated notes

Levels and vault maps discovered:
D:1:      dpeg_arrival_more_subterranean_lakeside_camping, layout_basic,
          minmay_misc_feat_doors, minmay_split_cup_large
D:2:      layout_loops_corners, hellmonk_ecumenical_altar_blasted,
          minmay_tetromino_s2, uniq_robin, uniq_sigmund

Skill      XL: |  1  2 |
---------------+-------+-----
Crossbows      | 6 |  6.9
Fighting       | |  2.1
Dodging        | |  2.4
Stealth        | |  1.3

Action                   || total
-------------------------++-------
 Fire: Hand crossbow     ||    82
Armor: Leather armour    ||     5
Dodge: Dodged            ||    28

Table legend: (Time is in decaauts)
 A = Elapsed time spent in this place.
 B = Non-inter-level travel time spent in this place.
 C = Inter-level travel time spent in this place.
 D = Time resting spent in this place.
 E = Time spent auto-exploring this place.
 F = Levels seen in this place.
 G = Mean time per level.
                   A        B        C        D        E       F      G
               +--------+--------+--------+--------+--------+-----+--------+
         Total |   1475 |   1416 |     59 |      0 |   1229 |   2 |  737.5 |
       Dungeon |   1475 |   1416 |     59 |      0 |   1229 |   2 |  737.5 |
               +--------+--------+--------+--------+--------+-----+--------+

Top non-repeatable levels by time:
     D:1: 1205 daAuts
     D:2: 270 daAuts
